 Dungeon Crawl Stone Soup version 0.18.1-1-g2f07953 (webtiles) character file.

38 IcyTea the Firebug (level 3, -1/26 HPs)
             Began as a Demigod Fire Elementalist on May 6, 2016.
             Killed from afar by a dart slug (5 damage)
             ... with a slug dart
             ... on level 2 of the Dungeon.
             The game lasted 00:11:50 (1553 turns).

IcyTea the Firebug (Demigod Fire Elementalist)      Turns: 1553, Time: 00:11:50

Health: -1/26      AC:  4    Str: 11    XL:     3   Next: 10%
Magic:  8/8        EV: 12    Int: 21    God:
Gold:   28         SH:  0    Dex: 18    Spells: 2 memorised, 2 levels left

rFire  . . .     SeeInvis .     a - +0 mace
rCold  . . .     Gourm    .     l - +0 robe
rNeg   . . .     Faith    .     (no shield)
rPois  .         Spirit   .     (no helmet)
rElec  .         Dismiss  .     (no cloak)
rCorr  .         Reflect  .     d - +0 pair of gloves
SustAt +         Harm     .     i - +0 pair of boots
MR     .....                    (no amulet)
Stlth  ++........               (no ring)
                                (no ring)

@: not resistant to hostile enchantments, unstealthy
A: agile 1, high mp 1, sustain attributes
a: no special abilities


You were on level 2 of the Dungeon.
You were hungry.

You visited 1 branch of the dungeon, and saw 2 of its levels.

You collected 28 gold pieces.

Inventory:

Hand Weapons
 a - a +0 mace (weapon)
Armour
 d - a +0 pair of gloves (worn)
 i - a +0 pair of boots (worn)
 l - a +0 robe (worn)
Jewellery
 k - a cursed ring of teleportation
Scrolls
 e - a scroll of identify
Potions
 g - a potion of magic
Books
 b - a book of Flames

   Spells                             Type                      Level
   a - Flame Tongue                   Conjuration/Fire             1
   b - Throw Flame                    Conjuration/Fire             2
   c - Conjure Flame                  Conjuration/Fire             3
   d - Inner Flame                    Hexes/Fire                   3
   e - Sticky Flame                   Conjuration/Fire             4
   f - Fireball                       Conjuration/Fire             5
Comestibles
 c - 2 bread rations


   Skills:
 - Level 1.7 Dodging
 - Level 1.7 Stealth
 - Level 1.7 Spellcasting
 - Level 0.8 Conjurations
 + Level 4.0 Fire Magic


You had 2 spell levels left.
You knew the following spells:

 Your Spells              Type           Power        Failure   Level  Hunger
a - Flame Tongue          Conj/Fire      ##...        8%          1    #......
b - Throw Flame           Conj/Fire      ##....       12%         2    ###....


Dungeon Overview and Level Annotations

Branches:
Dungeon (2/15)


Innate Abilities, Weirdness & Mutations

You have an increased reservoir of magic (+10% MP).
Your attributes are resistant to harm.
You are agile. (Dex +2)


Message History

The dart slug bites you but does no damage.
The dart slug launches a dart at you. The slug dart hits you!
* * * LOW HITPOINT WARNING * * *
The dart slug bites you but does no damage.
The dart slug bites you.
* * * LOW HITPOINT WARNING * * *
The dart slug misses you. The dart slug bites you.
* * * LOW HITPOINT WARNING * * *
The dart slug misses you.
The dart slug bites you but does no damage.
The dart slug bites you but does no damage.
The dart slug barely misses you. The dart slug bites you.
* * * LOW HITPOINT WARNING * * *
The dart slug completely misses you. The dart slug launches a dart at you.
The slug dart hits you!
You die...

### #.. #.#
#.# #.# # #
###.#.#...#
#.@w...._.?
#.#.#.#...#
#.#.# # #
#.#.# #.#.#
#.#.. #.###
#.# #.#


You could see a dart slug.

Vanquished Creatures
  An adder (D:2)
  A ball python (D:1)
  4 bats (D:1)
  4 giant cockroaches (D:1)
  5 goblins (D:1)
  4 hobgoblins (D:1)
  3 kobolds (D:1)
  4 rats (D:1)
26 creatures vanquished.

Notes
Turn   | Place    | Note
--------------------------------------------------------------
     0 | D:1      | IcyTea the Demigod Fire Elementalist began the quest for the Orb.
     0 | D:1      | Reached XP level 1. HP: 14/14 MP: 5/5
    94 | D:1      | Reached skill level 3 in Fire Magic
   454 | D:1      | Reached XP level 2. HP: 18/20 MP: 1/7
   459 | D:1      | Learned a level 2 spell: Throw Flame
   935 | D:1      | Gained mutation: Your spells are a little harder to cast, but a little more powerful. [potion of mutation]
   935 | D:1      | Lost mutation: Your spells are a little harder to cast, but a little more powerful. [potion of mutation]
   935 | D:1      | Gained mutation: You are agile. (Dex +2) [potion of mutation]
  1173 | D:2      | Reached skill level 4 in Fire Magic
  1173 | D:2      | Reached XP level 3. HP: 11/26 MP: 2/8
  1519 | D:2      | Found a sacrificial altar of Ru.
  1553 | D:2      | Killed from afar by a dart slug

Skill      XL: |  1  2 |
---------------+-------+-----
Fire Magic     | 3 4 |  4.0
Dodging        | |  1.7
Stealth        | |  1.7
Spellcasting   | |  1.7
Conjurations   | |  0.8

Action                   || total
-------------------------++-------
Melee: Unarmed           ||    13
       Whip              ||    22
       Mace              ||     7
       Spear             ||     1
 Cast: Flame Tongue      ||    30
       Throw Flame       ||     1
  Use: Scroll            ||     4
       Potion            ||     3
 Stab: Sleeping          ||     2
  Eat: Chunk             ||     2
Armor: Robe              ||    20
Dodge: Dodged            ||    48
